 Dungeon Crawl Stone Soup version 0.32-a0-705-g60f233581c (webtiles) character file.

Game seed: 14214209693358389904

14294 Dirtsage the Mimic (level 12, -4/75 HPs)
             Began as an Octopode Shapeshifter on Mar 14, 2024.
             Was an Initiate of Gozag.
             Slain by a seven-headed hydra (6 damage)
             ... on level 2 of the Lair of Beasts.
             The game lasted 00:25:57 (11732 turns).

Dirtsage the Mimic (Octopode Shapeshifter)         Turns: 11732, Time: 00:25:58

Health: -4/75      AC: 23    Str: 19    XL:     12   Next: 15%
Magic:  12/12      EV: 20    Int: 18    God:    Gozag
Gold:   811        SH:  0    Dex: 15    Spells: 11/11 levels left

rFire   . .          .
                       - Unarmed
rCold   . . .        (no shield)
rNeg    + . .        (helmet restricted)
rPois   ∞            A - amulet of regeneration
rElec   +            S - ring of see invisible
rCorr   .            y - +6 ring of intelligence
SInv    +            E - ring "Egris" {EV+5 Str+4}
Will    .....        (no ring)
Stlth   ++           (no ring)
HPRegen 1.12/turn    (no ring)
MPRegen 0.13/turn    (no ring)
                     (no ring)

%: no passive effects
@: mighty, statue-form, very slow
A: slow and powerful, torment resistance 1, reduced hp, almost no armour,
amphibious, 8 rings, camouflage 1, (gelatinous body 1), (nimble swimmer 1),
tentacles
a: Begin Untransformation, Renounce Religion, Potion Petition, Call Merchant,
Bribe Branch


You were on level 2 of the Lair of Beasts.
You worshipped Gozag.
Gozag was pleased with you.
You were a living statue of rough stone.
You visited 3 branches of the dungeon, and saw 13 of its levels.
You also visited: Sewer and Ossuary.

You collected 2875 gold pieces.
You spent 1569 gold pieces at shops.
You paid 495 gold pieces to Gozag.

Inventory:

Missiles
 s - 2 curare-tipped darts (quivered)
 F - a throwing net
Jewellery
 p - a ring of fire
 y - a +6 ring of intelligence (right tentacle)
 A - an amulet of regeneration (around mantle)
 E - the ring "Egris" (on tentacle) {EV+5 Str+4}
   (You bought it in a shop on level 10 of the Dungeon)

   [ring of evasion]

   EV+5:      It affects your evasion (+5).
   Str+4:     It affects your strength (+4).
 S - a ring of see invisible (left tentacle)
Talismans
 h - a maw talisman
 r - a granite talisman (active)
Wands
 k - a wand of paralysis (6)
 G - a wand of roots (3)
Scrolls
 c - a scroll of enchant armour
 f - 5 scrolls of revelation
 g - a scroll of fear
 i - 9 scrolls of identify
 m - 2 scrolls of amnesia
 o - a scroll of fog
 t - 3 scrolls of teleportation
 u - a scroll of vulnerability
 v - a scroll of butterflies
 w - 2 scrolls of poison
 x - 2 scrolls of immolation
 C - a scroll of silence
 D - 2 scrolls of noise
Potions
 a - 3 potions of lignification
 b - 2 potions of brilliance
 d - 3 potions of might
 e - 3 potions of attraction
 j - a potion of invisibility
 l - 5 potions of enlightenment
 n - 2 potions of resistance
 q - 7 potions of curing
 z - a potion of cancellation
 B - 3 potions of mutation


   Skills:
 - Level 7.9 Fighting
 - Level 8.1 Dodging
 - Level 8.4 Unarmed Combat
 + Level 13.0 Shapeshifting


You had 11 spell levels left.
You didn't know any spells.
Your spell library contained the following spells:

 Spells                   Type           Power      Damage    Failure   Level
 Lesser Beckoning         Tloc           0%         N/A       32%         2
 Searing Ray              Conj           0%         2d4       32%         2
 Static Discharge         Conj/Air       0%         3-3/arc   32%         2
 Gell's Gravitas          Tloc           0%         N/A       54%         3
 Teleport Other           Tloc           0%         N/A       54%         3
 Tukima's Dance           Hex            0%         N/A       54%         3
 Dimensional Bullseye     Hex/Tloc       0%         N/A       91%         4
 Iskenderun's Mystic Bla  Conj/Tloc      0%         2d3       91%         4
 Summon Lightning Spire   Summ/Air       0%         N/A       91%         4
 Lee's Rapid Deconstruct  Erth           0%         3d4*      99%         5
 Chain Lightning          Conj/Air       0%         N/A       100%        9
 Animate Armour           Summ/Erth      Unusable   N/A       N/A         4

Dungeon Overview and Level Annotations

Branches:
Dungeon (10/15)            Temple (1/1) D:4            Lair (2/5) D:9
    Orc (0/2) D:9           Sewer (visited)         Ossuary (visited)
  Swamp: Lair:2-3    Shoals: Lair:2-3     Snake: Lair:2-3    Spider: Lair:2-3

Altars:
Ashenzari
Cheibriados
Dithmenos
Elyvilon
Fedhas
Gozag
Hepliaklqana
Kikubaaqudgha
Makhleb
Nemelex Xobeh
Okawaru
Qazlal
Ru
Sif Muna
Trog
Uskayaw
Vehumet
Wu Jian
Xom
Yredelemnul
Zin
The Shining One

Shops:
D:6 ?   D:9 :   D:10 =

Annotations:
D:5 Blork the orc


Innate Abilities, Weirdness & Mutations

You are a living statue of rough stone.
Your actions are slow, but your melee attacks are powerful.
You are resistant to unholy torment.
Your maximum health is decreased, since you lack skill for your form.
You cannot wear most types of armour.
You are amphibious.
You can wear up to eight rings at the same time.
You are immune to poison.
Your skin changes colour to match your surroundings (Stealth+).
((Your rubbery body absorbs attacks. (AC +1, EV +1)))
((You are camouflaged when in or above water. (Stealth+)))
You have tentacles for arms and can constrict up to eight enemies at once.


Message History

The seven-headed hydra is heavily wounded.
The seven-headed hydra bites you!
The seven-headed hydra barely misses you.
The seven-headed hydra bites you!
The seven-headed hydra bites you but does no damage.
The seven-headed hydra closely misses you.
The seven-headed hydra bites you but does no damage.
The seven-headed hydra misses you.
You take 17 damage, and have 42/75 hp.
MASSIVE DAMAGE!!
You batter the seven-headed hydra!!
The seven-headed hydra is almost dead.
The seven-headed hydra completely misses you.
The seven-headed hydra bites you but does no damage.
The seven-headed hydra bites you! The seven-headed hydra bites you.
The seven-headed hydra barely misses you.
The seven-headed hydra bites you!
* * * LOW HITPOINT WARNING * * *
The seven-headed hydra bites you!
* * * LOW HITPOINT WARNING * * *
You take 31 damage, and have 11/75 hp.
MASSIVE DAMAGE!!
You barely miss the seven-headed hydra.
Your squeeze misses the seven-headed hydra.
The seven-headed hydra is almost dead.
The seven-headed hydra bites you but does no damage.
The seven-headed hydra bites you.
* * * LOW HITPOINT WARNING * * *
The seven-headed hydra bites you but does no damage.
The seven-headed hydra misses you.
The seven-headed hydra bites you but does no damage.
The seven-headed hydra misses you.
The seven-headed hydra closely misses you.
You take 4 damage, and have 7/75 hp.
You bludgeon the seven-headed hydra!
The seven-headed hydra is almost dead.
The seven-headed hydra bites you!
* * * LOW HITPOINT WARNING * * *
The seven-headed hydra closely misses you.
The seven-headed hydra bites you.
You die...
Your body crumbles into a pile of gold.

.P.. #. .......## #.
........ #.. #.....#
#.P#.....# ## ##
.##..##....###.##...
....................
............<.......
......DI............
....................
....................
....................
..#..P.........#####
. #..P##.....###
#... #.....# #...
......#


You could see a seven-headed hydra.

Vanquished Creatures
  3 two-headed ogres (D:9)
  A cane toad (Lair:1)
  A rime drake (Lair:1)
  A kobold demonologist (D:10)
  2 komodo dragons (Lair:1)
  A troll (D:10)
  A hornet (D:9)
  A polar bear (Lair:1)
  10 blink frogs
  2 wyverns
  13 yaks
  Eustachio (D:5)
  3 steam dragons
  4 water moccasins
  4 orc warriors
  2 sky beasts
  3 black bears
  An ogre (D:7)
  3 wolves (Lair:1)
  A phantom (D:5)
  A weeping skull (Ossuary)
  6 centaurs
  4 kobold brigands
  8 bullfrogs
  3 scorpions
  2 burial acolytes (Ossuary)
  8 wights
  9 killer bees
  2 howler monkeys
  An electric eel (D:9)
  3 bombardier beetles
  A centaur zombie (Ossuary)
  2 human zombies (Ossuary)
  5 hounds
  3 gnoll boudas
  7 orc priests
  A jelly (D:6)
  3 iguanas
  A sleepcap (D:6)
  Natasha (thrice) (D:3)
  14 orc wizards
  4 hell rats (D:8)
  4 hound zombies (Ossuary)
  2 mummies (Ossuary)
  15 gnolls
  7 river rats
  7 adders
  3 shadow imps
  3 white imps
  4 ufetubi
  3 ribbon worms
  5 dart slugs
  60 orcs
  4 ball pythons
  6 endoplasms
  4 giant cockroaches
  4 goblins
  2 hobgoblins (D:2)
  A jackal (Sewer)
  7 quokkas
  9 bats
  A frilled lizard (D:2)
  6 gnoll zombies (Ossuary)
  13 kobolds
  2 orc zombies (Ossuary)
  24 rats
345 creatures vanquished.

Notes
Turn   | Place    | Note
-------+----------+-------------------------------------------
     0 | D:1      | Dirtsage the Octopode Shapeshifter began the quest for the
                  | Orb.
     0 | D:1      | Reached XP level 1. HP: 13/13 MP: 1/1
   164 | D:1      | Reached XP level 2. HP: 9/18 MP: 2/2
   764 | D:2      | Reached XP level 3. HP: 19/23 MP: 3/3
  1032 | D:2      | Found an opulent altar of Gozag.
  1041 | D:2      | Became a worshipper of Gozag Ym Sagoz the Greedy
  1473 | D:3      | Reached XP level 4. HP: 13/29 MP: 4/4
  1748 | D:3      | Noticed Natasha
  1752 | D:3      | Killed Natasha
  1753 | D:3      | Reached skill level 4 in Shapeshifting
  1753 | D:3      | Reached XP level 5. HP: 13/34 MP: 5/5
  1822 | D:3      | Found a glowing drain.
  1841 | Sewer    | Entered a sewer
  1934 | Sewer    | Noticed a kobold brigand
  1948 | Sewer    | Killed a kobold brigand
  2058 | Sewer    | Found a white marble altar of Elyvilon.
  2229 | D:3      | Reached XP level 6. HP: 41/41 MP: 6/6
  2271 | D:3      | Found an iron altar of Okawaru.
  2537 | D:3      | Noticed Natasha
  2546 | D:3      | Killed Natasha
  2859 | D:3      | Noticed Natasha
  2865 | D:3      | Killed Natasha
  3263 | D:4      | Reached skill level 5 in Shapeshifting
  3303 | D:4      | Reached XP level 7. HP: 42/46 MP: 7/7
  3509 | D:4      | Found a staircase to the Ecumenical Temple.
  3619 | Temple   | Entered the Ecumenical Temple
  3688 | D:4      | Found a bloodstained altar of Trog.
  4032 | D:5      | Entered Level 5 of the Dungeon
  4266 | D:5      | Noticed Blork the orc
  4351 | D:4      | Reached XP level 8. HP: 42/54 MP: 8/8
  4490 | D:5      | Reached skill level 5 in Unarmed Combat
  4490 | D:5      | Reached skill level 6 in Shapeshifting
  4625 | D:5      | Found a shimmering blue altar of Sif Muna.
  4745 | D:5      | Noticed Eustachio
  4783 | D:5      | Killed Eustachio
  5332 | D:6      | Found a sand-covered staircase.
  5340 | Ossuary  | Entered an ossuary
  5450 | Ossuary  | Found an ancient bone altar of Kikubaaqudgha.
  5532 | Ossuary  | Reached skill level 5 in Dodging
  5770 | Ossuary  | Reached skill level 7 in Shapeshifting
  6010 | D:6      | Reached skill level 5 in Fighting
  6010 | D:6      | Reached XP level 9. HP: 61/61 MP: 9/9
  6457 | D:6      | Found Xinlav's Magic Scroll Boutique.
  6460 | D:6      | Bought a scroll of identify for 22 gold pieces
  6460 | D:6      | Bought a scroll of identify for 22 gold pieces
  6460 | D:6      | Bought a scroll of identify for 22 gold pieces
  6460 | D:6      | Bought a scroll of teleportation for 33 gold pieces
  6460 | D:6      | Bought a scroll of identify for 22 gold pieces
  7088 | D:7      | Reached skill level 8 in Shapeshifting
  7781 | D:8      | Reached XP level 10. HP: 58/68 MP: 10/10
  7837 | D:8      | Found an opulent altar of Gozag.
  8184 | D:8      | Reached skill level 9 in Shapeshifting
  8551 | D:9      | Found Mehafab's Self-Published Books.
  8587 | D:9      | Noticed a two-headed ogre
  8598 | D:9      | Killed a two-headed ogre
  8617 | D:9      | Got Vehumet's Incunable of Injury
  8798 | D:9      | Found a staircase to the Orcish Mines.
  9041 | D:9      | Noticed a two-headed ogre
  9108 | D:9      | Noticed a two-headed ogre
  9164 | D:9      | Killed a two-headed ogre
  9165 | D:9      | Reached skill level 10 in Shapeshifting
  9230 | D:9      | Reached XP level 11. HP: 67/75 MP: 11/11
  9245 | D:9      | Killed a two-headed ogre
  9458 | D:9      | Found a staircase to the Lair.
  9697 | D:10     | Entered Level 10 of the Dungeon
 10643 | D:10     | Bought a granite talisman for 780 gold pieces
 10643 | D:10     | Bought the ring "Egris" {EV+5 Str+4} for 668 gold pieces
 10740 | Lair:1   | Entered Level 1 of the Lair of Beasts
 10807 | D:9      | Reached skill level 11 in Shapeshifting
 11017 | Lair:1   | Reached skill level 12 in Shapeshifting
 11174 | Lair:1   | Reached XP level 12. HP: 69/82 MP: 12/12
 11340 | Lair:1   | Reached skill level 13 in Shapeshifting
 11721 | Lair:2   | Noticed a seven-headed hydra
 11732 | Lair:2   | HP: 2/75 [seven-headed hydra (7)]
 11732 | Lair:2   | Slain by a seven-headed hydra

Illustrated notes

Levels and vault maps discovered:
D:1:      eino_arrival_water_cross, layout_basic, moated_statue,
          nicolae_figureground_sparkle
D:2:      layout_basic, basic_altar
D:3:      layout_basic, lemuel_round_altar, portal_sewer_entry_b,
          serial_bayou_lagoon_a, uniq_natasha
D:4:      layout_basic, bloody_trog, minmay_temple_entry_stoned_glass,
          serial_demonic, serial_demonic_f, serial_demonic_g, serial_demonic_e,
          serial_demonic_a
D:5:      layout_cave_pods, kennysheep_little_box, uniq_blork_the_orc,
          uniq_eustachio
D:6:      layout_loops_cross, lightli_ossuary_entry_decrepit_ruins,
          serial_shops, nicolae_shop_rolled_up, chequers_serial_rivers_small_a,
          nicolae_letterblocks [nicolae_letter_subblock,
          nicolae_letter_subblock, nicolae_letter_subblock,
          nicolae_letter_subblock, nicolae_letter_subblock,
          nicolae_letter_subblock, nicolae_letter_subblock,
          nicolae_letter_subblock, nicolae_letter_subblock,
          nicolae_letter_subblock, nicolae_letter_subblock,
          nicolae_letter_subblock, nicolae_letter_subblock,
          nicolae_letter_subblock, nicolae_letter_subblock,
          nicolae_letter_subblock, nicolae_letter_subblock,
          nicolae_letter_subblock, nicolae_letter_subblock,
          nicolae_letter_subblock, nicolae_letter_subblock,
          nicolae_letter_subblock, nicolae_letter_subblock,
          nicolae_letter_subblock, nicolae_letter_subblock]
D:7:      layout_loops_ring
D:8:      lemuel_ratsnest, layout_loops_cross, nicolae_overflow_crystal_walls,
          kennysheep_generic_room_9
D:9:      layout_basic, lair_entry_dummy, hiddenorc2_lemuel,
          minmay_misc_feat_rows, nicolae_custom_books
D:10:     layout_loops_ring, enter_bailey_7
Temple:   nicolae_temple_no_exploring_needed
Lair:1:   layout_chaotic_city
Lair:2:   layout_regular_city, elwin_shoals_entry_rooms,
          hellmonk_spider_entry_life_and_decay, st_stairs_4

Skill      XL: |  1  2  3  4  5  6  7  8  9 10 11 12 |
---------------+-------------------------------------+-----
Fighting       | 2 3 5 6 7 |  7.9
Shapeshifting  | 4 5 7 8 10 12 13 | 13.0
Dodging        | 3 4 5 6 7 8 |  8.1
Unarmed Combat | 4 5 6 7 8 |  8.4

Action                     |  1- 3 |  4- 6 |  7- 9 | 10-12 || total
---------------------------+-------+-------+-------+-------++-------
  Melee: Unarmed           |    56 |   100 |   316 |   418 ||   890
         Constrict         |    13 |    28 |    86 |    81 ||   208
         Tentacles         |     6 |    30 |    87 |   134 ||   257
         Punch             |     1 |     2 |     2 |    14 ||    19
         Maw               |       |       |       |    98 ||    98
  Throw: Dart              |       |       |     1 |     4 ||     5
 Invoke: Call Merchant     |       |       |       |     1 ||     1
  Evoke: Wand              |       |       |     5 |    10 ||    15
    Use: Scroll            |       |     8 |    12 |     6 ||    26
         Potion            |       |     2 |     5 |     4 ||    11
   Stab: Sleeping          |     5 |     4 |     4 |     2 ||    15
         Distracted        |       |     1 |       |     2 ||     3
         Paralysed         |       |       |    19 |     8 ||    27
 Armour: Skin              |    16 |    46 |   263 |   183 ||   508
  Dodge: Dodged            |    28 |    45 |   223 |   321 ||   617
   Form: Flux              |       |       |     1 |       ||     1
         Maw               |       |       |       |     1 ||     1
         Statue            |       |       |       |     1 ||     1

Table legend: (Time is in decaauts)
 A = Elapsed time spent in this place.
 B = Non-inter-level travel time spent in this place.
 C = Inter-level travel time spent in this place.
 D = Time resting spent in this place.
 E = Time spent auto-exploring this place.
 F = Levels seen in this place.
 G = Mean time per level.
                   A        B        C        D        E       F      G
               +--------+--------+--------+--------+--------+-----+--------+
         Total |  11884 |  11408 |    476 |    487 |   8603 |  15 |  792.3 |
       Dungeon |   9864 |   9398 |    466 |    309 |   7197 |  10 |  986.4 |
        Temple |      1 |      1 |      0 |      0 |      0 |   1 |    1.0 |
          Lair |   1151 |   1142 |      9 |     61 |    804 |   2 |  575.5 |
         Sewer |    271 |    271 |      0 |      0 |    236 |   1 |  271.0 |
       Ossuary |    595 |    595 |      0 |    117 |    366 |   1 |  595.0 |
               +--------+--------+--------+--------+--------+-----+--------+

Top non-repeatable levels by time:
     D:9: 1261 daAuts
     D:3: 1209 daAuts
     D:4: 1208 daAuts
     D:5: 1182 daAuts
  Lair:1: 1136 daAuts
     D:8: 1002 daAuts
    D:10: 991 daAuts
     D:6: 812 daAuts
     D:2: 754 daAuts
     D:7: 741 daAuts
     D:1: 701 daAuts
 Ossuary: 595 daAuts
   Sewer: 271 daAuts
  Lair:2: 15 daAuts
  Temple: 1 daAuts
